 Dungeon Crawl Stone Soup version 0.24.0-123-gd5b16e6ec5 (webtiles) character file.

Game seed: 2738249372300082033, levelgen mode: deterministic

36 Descartes the Grasshopper (level 3, -4/16 HPs)
             Began as a Felid Warper on Dec 28, 2019.
             Slain by an adder (5 damage)
             ... on level 2 of the Dungeon.
             The game lasted 00:03:59 (1217 turns).

Descartes the Grasshopper (Felid Warper)            Turns: 1217, Time: 00:04:00

Health: -4/16      AC:  1    Str:  8    XL:     3   Next: 19%
Magic:  7/7        EV: 18    Int: 14    God:
Gold:   68         SH:  0    Dex: 15    Spells: 4/6 levels left
                                        Lives:  0   Deaths: 0

rFire    . . .     SeeInvis +     - Unarmed
rCold    . . .     Gourm    .   (shield unavailable)
rNeg     . . .     Faith    .   (armour unavailable)
rPois    .         Spirit   .   (helmet unavailable)
rElec    .         Reflect  .   (cloak unavailable)
rCorr    .         Harm     .   (gloves unavailable)
MR       .....                  (boots unavailable)
Stlth    +++.......             (no amulet)
HPRegen  0.05/turn              (no ring)
MPRegen  0.10/turn              (no ring)

@: lethally poisoned (-4 -> -9), quick
A: very small, no armour, no weapons or thrown items, stealth, claws 1, fangs 3,
see invisible, carnivore, speed 1, shaggy fur 1, slow metabolism 1, sharp paws
a: no special abilities


You were on level 2 of the Dungeon.
You were completely stuffed.

You visited 1 branch of the dungeon, and saw 2 of its levels.

You collected 68 gold pieces.

Inventory:

Missiles
 e - 89 arrows
 k - 5 stones
Scrolls
 a - a scroll of noise {unknown}
 b - a scroll of blinking
 g - 2 scrolls of teleportation {unknown}
 h - 2 scrolls of identify {unknown}
 i - a scroll of fog {unknown}
 j - a scroll of random uselessness {unknown}
Potions
 d - a potion of might {unknown}
 f - a potion of agility {unknown}
Comestibles
 c - 3 rations
 l - 3 chunks of flesh


   Skills:
 + Level 2.2 Fighting
 + Level 3.4 Dodging
 * Level 2.4 Stealth
 * Level 2.5 Unarmed Combat
 + Level 2.1 Spellcasting
 + Level 4.5 Translocations


You had 4 spell levels left.
You knew the following spells:

 Your Spells              Type           Power        Failure   Level  Hunger
a - Blink                 Tloc           N/A          5%          2    ###....

Your spell library contained the following spells:

 Spells                   Type           Power        Failure   Level  Hunger
 Gell's Gravitas          Tloc           ##........   11%         3    ###....
 Lesser Beckoning         Tloc           ##........   11%         3    ###....
 Teleport Other           Tloc           ##......     11%         3    ###....
 Shroud of Golubria       Chrm/Tloc      #.....       14%         2    ###....
 Passage of Golubria      Tloc           N/A          36%         4    #####..


Dungeon Overview and Level Annotations

Branches:
Dungeon (2/15)

Altars:


Innate Abilities, Weirdness & Mutations

You cannot wear armour.
You are incapable of wielding weapons or throwing items.
Your paws allow you to move quietly. (Stealth)
You have sharp claws.
You have razor-sharp teeth.
You have supernaturally acute eyesight. (SInv)
You are carnivorous and can eat meat at any time.
You cover ground quickly.
You are covered in fur. (AC +1)
You have a slow metabolism.
Your sharp claws are effective at attacking unaware monsters.


Message History

You feel sick. The adder bites you but does no damage.
The adder closely misses you.
You barely miss the adder.
The adder is lightly wounded.
The adder closely misses you.
You scratch the adder but do no damage.
The adder is lightly wounded.
The adder misses you.
You barely miss the adder.
The adder is lightly wounded.
* * * LOW HITPOINT WARNING * * *
You feel sick. The adder bites you.
* * * LOW HITPOINT WARNING * * *
You closely miss the adder.
The adder is lightly wounded.
The adder closely misses you.
You scratch the adder.
The adder is lightly wounded.
The adder bites you.
You die...

######### ######.......#
######........#
#......(....S#≈
#)............#
#..........<..≈
#.###.........##
#......(.).....
#.#<#........(.#
#......####....
#.#.#..........# #......#
... #.#.#..........#
#......# ..
#.#...#####....###..(...#
. #÷##### #(....@S......#
#.# #....###......# #.#
#....# ######## #.#
#....# #.#########.####
#...........#
#############


You could see an adder.

Vanquished Creatures
  An adder (D:2)
  A worm (D:2)
  A dart slug (D:2)
  2 bats
  2 giant cockroaches (D:1)
  4 goblins
  A hobgoblin (D:1)
  7 kobolds
  A ball python (D:1)
  A frilled lizard (D:1)
  A rat (D:1)
22 creatures vanquished.

Notes
Turn   | Place    | Note
-------+----------+-------------------------------------------
     0 | D:1      | Descartes the Felid Warper began the quest for the Orb.
     0 | D:1      | Reached XP level 1. HP: 9/9 MP: 4/4
   303 | D:1      | Reached skill level 1 in Stealth
   502 | D:1      | Reached XP level 2. HP: 10/13 MP: 6/6
   625 | D:1      | Learned a level 2 spell: Blink
  1148 | D:2      | Reached XP level 3. HP: 16/16 MP: 7/7
  1217 | D:2      | Slain by an adder

Levels and vault maps discovered:
D:1:      matt_arrival_debris, layout_loops_corners, hangedman_decor_growths,
          minivault_19, dk_noncrumbling_3
D:2:      layout_basic, chequers_serial_rivers_large_a

Skill      XL: |  1  2 |
---------------+-------+-----
Stealth        | 1 2 |  2.4
Fighting       | |  2.2
Dodging        | |  3.4
Unarmed Combat | |  2.5
Spellcasting   | |  2.1
Translocations | |  4.5

Action                   || total
-------------------------++-------
Melee: Unarmed           ||    83
       Bite              ||     4
 Stab: Sleeping          ||     1
  Eat: Chunk             ||     8
Armor: Skin              ||     7
Dodge: Dodged            ||    81
